 Dungeon Crawl Stone Soup version 0.21-a0-70-g32e1473 (webtiles) character file.

549 Cactus the Firebug (level 7, -2/50 HPs)
             Began as a Grey Draconian Fire Elementalist on June 17, 2017.
             Slain by an orc warrior
             ... wielding a +0 trident
              (11 damage)
             ... on level 4 of the Dungeon.
             The game lasted 00:31:22 (5976 turns).

Cactus the Firebug (DrFE)                           Turns: 5976, Time: 00:31:22

Health: -2/50      AC: 12    Str: 10    XL:     7   Next: 7%
Magic:  1/10       EV: 12    Int: 18    God:
Gold:   113        SH:  4    Dex: 11    Spells: 3/10 levels left

rFire    . . .     SeeInvis .   n - -1 short sword (curse)
rCold    . . .     Gourm    .   q - +0 buckler
rNeg     . . .     Faith    .   (armour unavailable)
rPois    .         Spirit   .   (helmet restricted)
rElec    .         Reflect  .   (no cloak)
rCorr    .         Harm     .   (no gloves)
MR       .....                  u - +0 pair of boots
Stlth    ++........             c - amulet of rage
HPRegen  0.16/turn              (no ring)
MPRegen  0.12/turn              (no ring)

@: no status effects
A: walk through water, unfitting armour, unbreathing, cold-blooded, AC +11
a: Evoke Berserk Rage


You were on level 4 of the Dungeon.
You were not hungry.

You visited 1 branch of the dungeon, and saw 4 of its levels.

You collected 113 gold pieces.

Inventory:

Hand Weapons
 a - a +3 dagger of speed
 b - a +0 blowgun
 n - a cursed -1 short sword (weapon)
Missiles
 e - 39 poisoned needles
 o - 5 needles of paralysis
 v - 4 javelins of penetration (quivered)
Armour
 q - a +0 buckler (worn)
 u - a +0 pair of boots (worn)
Jewellery
 c - an amulet of rage (around neck)
 i - an uncursed ring of see invisible {unknown}
 l - an uncursed ring of ice {unknown}
Wands
 x - a wand of paralysis (7/24)
Scrolls
 g - a scroll of teleportation
 r - 3 scrolls of enchant weapon
 s - a scroll of recharging
 t - a scroll of fear
Potions
 d - 4 potions of might {unknown}
 h - 2 potions of berserk rage {unknown}
 j - 4 potions of flight {unknown}
 k - 2 potions of haste {unknown}
 m - a potion of magic {unknown}
 w - a potion of cancellation {unknown}
Books
 f - a book of Flames

   Spells                             Type                      Level
   a - Flame Tongue                   Conjuration/Fire             1
   b - Throw Flame                    Conjuration/Fire             2
   c - Conjure Flame                  Conjuration/Fire             3
   d - Inner Flame                    Hexes/Fire                   3
   e - Sticky Flame                   Conjuration/Fire             4
   f - Fireball                       Conjuration/Fire             5
Comestibles
 p - 4 bread rations
 z - a chunk of flesh


   Skills:
 + Level 1.8 Dodging
 - Level 1.7 Stealth
 - Level 3.3 Shields
 * Level 2.0 Spellcasting
 - Level 3.6 Conjurations
 - Level 6.2 Fire Magic


You had 3 spell levels left.
You knew the following spells:

 Your Spells              Type           Power        Failure   Level  Hunger
a - Throw Flame           Conj/Fire      ###...       3%          2    ###....
s - Sticky Flame          Conj/Fire      ###.....     26%         4    #####..
z - Flame Tongue          Conj/Fire      ###..        2%          1    #......


Dungeon Overview and Level Annotations

Branches:
Dungeon (4/15)
 Temple: D:4-7

Altars:
Fedhas

Annotations:
D:3 Edmund
D:4 Blork the orc


Innate Abilities, Weirdness & Mutations

You can walk through water.
Your dull iron-grey scales are very hard. (AC +11)
You cannot fit into any form of body armour.
You can survive without breathing.
You are cold-blooded and may be slowed by cold attacks.


Message History

Aiming: Flame Tongue
Press: ? - help, Shift-Dir - straight line, f/p - orc warrior
Aim: an orc warrior, wielding a trident and wearing a plate armour (almost dead)
The flame tongue hits Blork the orc.
Blork the orc is lightly wounded.
Blork the orc barely misses you. You block the orc warrior's attack.
Casting: Flame Tongue
Confirm with . or Enter, or press ? or * to list all spells.
Aiming: Throw Flame
Press: ? - help, Shift-Dir - straight line, f/p - orc warrior
Aim: an orc warrior, wielding a trident and wearing a plate armour (almost dead)
The puff of flame hits Blork the orc.
Blork the orc appears unharmed.
Blork the orc is lightly wounded.
Blork the orc gestures at you while chanting.
The puff of flame hits you!
* * * LOW HITPOINT WARNING * * *
Blork the orc hits you with a scimitar of protection.
* * * LOW HITPOINT WARNING * * *
The orc warrior hits you from afar with a trident!
You die...

...........?.)#.#.#.....###.#...#
###########..#.......#.## ##.....
#..#.#.#.###..###......
#..##...## #.#.#..#####
#..#.....###.##.....(.
#.........##.##.#.####
#.....o.........#.#
#.....o....#........
#.#...@..#.######.#.
#...#...>....... #
######.#.#.#####
############)....#
.........)<)..#..#
.#######.#####....# .........#
####.# ########## #.# ###.###


You could see Blork the orc and an orc warrior.

Vanquished Creatures
  3 scorpions
  A bullfrog skeleton (D:3)
  An orc priest (D:4)
  2 orc wizards (D:3)
  A centaur skeleton (D:4)
  Ijyb (D:4)
  3 worker ants
  2 adders
  A shadow imp (D:3)
  An ooze (D:4)
  An adder skeleton (D:4)
  5 worms
  2 dart slugs
  5 leopard geckos
  12 orcs
  A giant cockroach (D:3)
  12 goblins
  8 hobgoblins
  4 jackals (D:3)
  3 quokkas
  2 ball pythons
  13 bats
  6 frilled lizards
  10 kobolds
  A leopard gecko skeleton (D:4)
  5 rats
106 creatures vanquished.

Notes
Turn   | Place    | Note
-------+----------+-------------------------------------------
     0 | D:1      | Cactus the Draconian Fire Elementalist began the quest for the Orb.
     0 | D:1      | Reached XP level 1. HP: 14/14 MP: 3/3
   501 | D:1      | Reached XP level 2. HP: 19/20 MP: 5/5
   888 | D:1      | Learned a level 2 spell: Throw Flame
   889 | D:1      | Reached skill level 4 in Fire Magic
  1088 | D:2      | Reached XP level 3. HP: 22/26 MP: 0/6
  2013 | D:2      | Reached XP level 4. HP: 17/33 MP: 0/7
  2051 | D:2      | Reached skill level 5 in Fire Magic
  2813 | D:3      | Reached skill level 1 in Shields
  2813 | D:3      | Reached XP level 5. HP: 38/38 MP: 2/8
  3696 | D:4      | Learned a level 4 spell: Sticky Flame
  3796 | D:4      | Noticed an orc warrior
  4074 | D:3      | Reached XP level 6. HP: 34/45 MP: 0/9
  4197 | D:4      | Noticed Edmund
  4751 | D:4      | Reached skill level 6 in Fire Magic
  4908 | D:4      | Noticed Blork the orc
  5310 | D:4      | Found a blossoming altar of Fedhas.
  5579 | D:4      | Noticed Ijyb
  5585 | D:4      | Killed Ijyb
  5687 | D:4      | Your scales start taking on a dull iron-grey colour.
  5687 | D:4      | Reached XP level 7. HP: 34/50 MP: 1/10
  5687 | D:4      | Gained mutation: You can survive without breathing. [Grey Draconian growth]
  5976 | D:4      | Slain by an orc warrior

Vault maps used:
D:1:      dpeg_arrival_boxorama, minmay_misc_feat_nine_boxes,
          corexii_item_surrounded_by_moat
D:2:      serial_curves, eino_curves_02, eino_curves_04
D:3:      first_bread
D:4:      hex_tiny, fedhas_altar_fruit_tree, uniq_edmund, uniq_ijyb,
          uniq_grinder, uniq_blork_the_orc

Skill      XL: |  1  2  3  4  5  6 |
---------------+-------------------+-----
Fire Magic     | 4 5 6 |  6.2
Shields        | 1 2 3 |  3.3
Conjurations   | 2 3 |  3.6
Dodging        | |  1.8
Stealth        | |  1.7
Spellcasting   | |  2.0

Action                   |  1- 3 |  4- 6 |  7- 9 || total
-------------------------+-------+-------+-------++-------
Melee: Dagger            |    37 |       |       ||    37
       Tailslap          |     3 |     2 |       ||     5
       Short sword       |     9 |    34 |       ||    43
 Cast: Flame Tongue      |    36 |    96 |    10 ||   142
       Throw Flame       |    26 |    49 |     4 ||    79
       Sticky Flame      |       |     2 |     1 ||     3
  Use: Scroll            |     5 |     1 |       ||     6
  Eat: Chunk             |     6 |    11 |     1 ||    18
       Royal jelly       |       |     1 |       ||     1
       Meat ration       |       |     1 |       ||     1
Armor: Skin              |    16 |    19 |       ||    35
Dodge: Dodged            |    25 |    41 |     2 ||    68
Block: Buckler           |       |    11 |     2 ||    13
